cohdb
Replays
Latest Replays
All Replays
Popular Replays
Top Player Replays
Match Explorer
How It Works
Community
CoH3 Stats
Reddit
Sign in to upload your games and track your stats! →
Sign in with Steam
Match 46344157
Unlisted
Match 46344157
Overview
Messages
Build Orders
End
Kettenkrad Recon Vehicle
Selects Luftwaffe Battlegroup
Selects Luftwaffe Pioneer Support
Fallschirmpioneer Squad Paradrop
Construct Infanterie Kompanie
Fallschirmpioneer Squad Paradrop
Construct Luftwaffe Kompanie
Selects Stuka Strafing Run
Selects Fallschirmjäger Squad Paradrop
221 Scout Car
Jäger Squad
Jäger Squad
Selects Flak 38 Anti-Air Emplacement
Medical Station
Jäger Squad
Luftwaffe Officer Quarters
Support Elements
Wirbelwind Flakpanzer
Wirbelwind Flakpanzer
Selects Infantry Reserves
Wirbelwind Flakpanzer
Marder III M Tank Destroyer
Side Skirts
Selects Stuka Loiter
Jäger Squad
Stuka Loiter
Jäger Squad
Kettenkrad Recon Vehicle
Jäger Squad
Stuka Strafing Run
Jäger Squad
Alloyzy Klex®
SEPH
Kyp Durron
NaseMabi
0
0
Comments
sign in to comment!
No comments posted yet!